 Dungeon Crawl Stone Soup version 0.26-a0-651-gb41185065b (webtiles) character file.

Game seed: 3454570318165316066

256 Flugslaktarn the Chopper (level 5, -11/50 HPs)
             Began as a Deep Dwarf Fighter on Oct 12, 2020.
             Mangled by an ogre
             ... wielding a cursed -2 giant spiked club
              (17 damage)
             ... on level 4 of the Dungeon.
             The game lasted 00:00:29 (630 turns).

Flugslaktarn the Chopper (Deep Dwarf Fighter)        Turns: 630, Time: 00:00:29

Health: -11/50     AC:  7    Str: 20    XL:     5   Next: 92%
Magic:  5/5        EV:  8    Int:  8    God:
Gold:   18         SH:  9    Dex: 13    Spells: 4/4 levels left

rFire    . . .     SeeInvis .   a - +0 war axe
rCold    . . .     Faith    .   c - +0 kite shield
rNeg     . . .     Spirit   .   b - +0 scale mail
rPois    .         Reflect  .   (no helmet)
rElec    .         Harm     .   (no cloak)
rCorr    .         Rampage  .   (no gloves)
MR       .....                  (no boots)
Stlth    ..........             (no amulet)
HPRegen  0.00/turn              (no ring)
MPRegen  0.09/turn              (no ring)

@: non-regenerating
A: damage resistance, heal wounds, sense surroundings 1, no regeneration
a: Heal Wounds


You were on level 4 of the Dungeon.
You visited 1 branch of the dungeon, and saw 4 of its levels.

You collected 18 gold pieces.

Inventory:

Hand Weapons
 a - a +0 war axe (weapon)
Armour
 b - a +0 scale mail (worn)
 c - a +0 kite shield (worn)
Scrolls
 g - 4 scrolls of teleportation {unknown}
 h - a scroll of identify {unknown}
Potions
 d - a potion of might
 e - a potion of lignification {unknown}
 f - a potion of heal wounds {unknown}
 i - a potion of haste {unknown}
 j - a potion of stabbing {unknown}


   Skills:
 * Level 4.2 Fighting
 * Level 4.2 Axes
 + Level 4.2 Armour
 + Level 2.2 Dodging
 - Level 3.2 Shields


You had 4 spell levels left.
You didn't know any spells.
Your spell library was empty.

Dungeon Overview and Level Annotations

Branches:
Dungeon (4/15)
 Temple: D:4-7

Altars:
Trog


Innate Abilities, Weirdness & Mutations

You are resistant to damage.
You can heal yourself by infusing magical energy.
You passively map a small area around you.
You do not regenerate.


Message History

The ogre hits you with a cursed -2 giant spiked club!
You hit the ogre but do no damage.
The ogre is lightly wounded.
The ogre hits you with a cursed -2 giant spiked club!!
* * * LOW HITPOINT WARNING * * *
You are too injured to fight recklessly!
You are too injured to fight recklessly!
You are too injured to fight recklessly!
You are too injured to fight recklessly!
You are too injured to fight recklessly!
You are too injured to fight recklessly!
You are too injured to fight recklessly!
You hit the ogre.
The ogre is moderately wounded.
The ogre hits you with a cursed -2 giant spiked club.
* * * LOW HITPOINT WARNING * * *
You are too injured to fight recklessly!
You fail to use your ability.
The ogre hits you with a cursed -2 giant spiked club!!
You die...

###### *
######....#########
*
##...#......@O<.....
#.......########....
##.......# ** # , **
#........# *
#.......## ##....).#
#....#)#####
#...##)##..### ..*
##.. #.#.....### .#


You could see an ogre.

Vanquished Creatures
  A bullfrog skeleton (D:4)
  3 orc wizards
  An orc priest (D:3)
  2 worker ants (D:4)
  3 adders
  A worm (D:4)
  A leopard gecko (D:1)
  7 orcs
  A bat (D:2)
  A goblin (D:2)
  4 jackals (D:3)
  A kobold (D:1)
  A quokka (D:3)
  5 rats
32 creatures vanquished.

Notes
Turn   | Place    | Note
-------+----------+-------------------------------------------
     0 | D:1      | Flugslaktarn the Deep Dwarf Fighter began the quest for the
                  | Orb.
     0 | D:1      | Reached XP level 1. HP: 20/20 MP: 1/1
   238 | D:2      | Reached XP level 2. HP: 23/28 MP: 2/2
   378 | D:3      | Reached XP level 3. HP: 24/34 MP: 3/3
   427 | D:3      | Found a bloodstained altar of Trog.
   454 | D:3      | Reached skill level 1 in Dodging
   458 | D:3      | Reached XP level 4. HP: 21/42 MP: 4/4
   570 | D:4      | Reached XP level 5. HP: 27/50 MP: 5/5
   624 | D:4      | Noticed an ogre
   630 | D:4      | Mangled by an ogre

Illustrated notes

Levels and vault maps discovered:
D:1:      elethiomel_arrival_infinity_welcomes_careful_drivers,
          layout_loops_cross
D:2:      layout_basic, lemuel_coloured_pillars_altar, tso_metal_star
D:3:      layout_rooms, bloody_trog, minivault_26
D:4:      layout_cave_pods, lemuel_round_altar, led_sif_pool,
          nicolae_qazlal_general_emergency

Skill      XL: |  1  2  3  4  5 |
---------------+----------------+-----
Fighting       | 3 4 |  4.2
Axes           | 3 4 |  4.2
Dodging        | 1 2 |  2.2
Armour         | 4 |  4.2
Shields        | |  3.2

Action                   |  1- 3 |  4- 6 || total
-------------------------+-------+-------++-------
Melee: War axe           |    46 |    55 ||   101
 Abil: Heal Wounds       |       |     2 ||     2
Armor: Scale mail        |    29 |    20 ||    49
Dodge: Dodged            |    22 |    12 ||    34
Block: Kite shield       |    30 |    28 ||    58

Table legend: (Time is in decaauts)
 A = Elapsed time spent in this place.
 B = Non-inter-level travel time spent in this place.
 C = Inter-level travel time spent in this place.
 D = Time resting spent in this place.
 E = Time spent auto-exploring this place.
 F = Levels seen in this place.
 G = Mean time per level.
                   A        B        C        D        E       F      G
               +--------+--------+--------+--------+--------+-----+--------+
         Total |    672 |    607 |     65 |      0 |    394 |   4 |  168.0 |
       Dungeon |    672 |    607 |     65 |      0 |    394 |   4 |  168.0 |
               +--------+--------+--------+--------+--------+-----+--------+

Top non-repeatable levels by time:
     D:1: 231 daAuts
     D:3: 185 daAuts
     D:2: 141 daAuts
     D:4: 114 daAuts
